 Dungeon Crawl Stone Soup version 0.29-a0-41-g89e12c0570 (webtiles) character file.

Game seed: 1352370622496947265

535 Destapler the Magician (level 7, -3/40 HPs)
             Began as a Deep Elf Air Elementalist on Feb 2, 2022.
             Slain by an orc warrior (20 damage)
             ... on level 4 of the Dungeon.
             The game lasted 00:24:45 (4628 turns).

Destapler the Magician (Deep Elf Air Elementalist)  Turns: 4628, Time: 00:24:46

Health: -3/40      AC:  4    Str:  4 (5)  XL:     7   Next: 4%
Magic:  14/16      EV: 13    Int: 19 (22) God:
Gold:   118        SH:  0    Dex: 14 (15) Spells: 8/16 levels left

rFire   . . .      SeeInvis .   g - +2 dagger (venom)
rCold   . . .      Faith    .   (no shield)
rNeg    . . .      Spirit   .   b - +0 robe
rPois   .          Reflect  .   n - +0 helmet
rElec   .          Harm     .   o - +0 cloak
rCorr   .          Rampage  .   (no gloves)
Will    .....                   (no boots)
Stlth   ++........              (no amulet)
HPRegen 0.13/turn               (no ring)
MPRegen 0.15/turn               (no ring)

@: sluggish, invisible, very slow
A: no striking features
a: no special abilities


You were on level 4 of the Dungeon.
You visited 1 branch of the dungeon, and saw 4 of its levels.

You collected 118 gold pieces.

Inventory:

Hand Weapons
 a - a +1 dagger of protection
 g - a +2 dagger of venom (weapon)
Missiles
 j - 5 boomerangs of dispersal
Armour
 b - a +0 robe (worn)
 n - a +0 helmet (worn)
 o - a +0 cloak (worn)
Wands
 m - a wand of digging (3)
Scrolls
 c - 3 scrolls of teleportation {unknown}
 d - a scroll of enchant armour {unknown}
 h - a scroll of fear {unknown}
 i - a scroll of torment {unknown}
 k - a scroll of identify {unknown}
 l - a scroll of silence {unknown}
 p - a scroll of fog {unknown}
 q - a scroll of vulnerability {unknown}
Potions
 e - a potion of heal wounds {unknown}
 r - a potion of degeneration
 s - a potion of resistance {unknown}


   Skills:
 + Level 2.6 Fighting
 - Level 3.0 Short Blades
 + Level 1.7 Throwing
 - Level 3.0 Dodging
 - Level 3.0 Stealth
 - Level 5.0 Spellcasting
 - Level 2.0 Conjurations
 - Level 4.0 Air Magic
 - Level 2.0 Evocations


You had 8 spell levels left.
You knew the following spells:

 Your Spells              Type           Power      Damage    Failure   Level
a - Shock                 Conj/Air       64%        1d7       3%          1
b - Airstrike             Air            9%         N/A       24%         4
c - Swiftness             Air            19%        N/A       7%          3

Your spell library contained the following spells:

 Spells                   Type           Power      Damage    Failure   Level
 Static Discharge         Conj/Air       16%        N/A       5%          2
 Poisonous Vapours        Pois/Air       24%        N/A       9%          2
 Sting                    Tmut/Pois      16%        1d3       12%         1
 Olgreb's Toxic Radiance  Pois           4%         N/A       77%         4


Dungeon Overview and Level Annotations

Branches:
Dungeon (4/15)
 Temple: D:4-7

Altars:
Dithmenos
Qazlal
Wu Jian

Annotations:
D:4 exclusion: orc warrior


Message History

The zap misses the orc warrior.
Aiming: Shock (safe; 3% risk of failure)
Press: ? - help, Q - select action, (/) - cycle Shift-Dir - straight line, f - orc wizard, p - orc warrior
Aim: an orc wizard, wielding a +0 dagger and wearing a +0 robe (wandering, hasn't noticed you, 64% to hit)
The zap hits the orc warrior.
The orc warrior is lightly wounded.
The zap hits the orc.
The orc is lightly wounded.
The zap hits the orc wizard.
The orc wizard is lightly wounded.
The orc wizard shouts!
The orc warrior closely misses you.
The orc warrior hits you with a +0 dire flail!!
Ouch! That really hurt!
Aiming: Shock (safe; 3% risk of failure)
Press: ? - help, Q - select action, (/) - cycle Shift-Dir - straight line, p - orc wizard
Casting: Shock (safe; 3% risk of failure)
Confirm with . or Enter, or press ? or * to list all spells.
You feel quick. The orc warrior barely misses you.
The orc wizard mumbles some strange words.
The orc wizard flickers and vanishes!
Things that are here:
a +0 hand axe; a +0 ring mail
There is an open door here.
You close the door.
You start to feel a little slower.
Something unseen opens the door.
You feel sluggish.
You start to feel a little faster.
There is an open door here.
It was a potion of degeneration.
There was something very wrong with that liquid.
You feel weakened.
You feel dopey.
You feel clumsy.
The orc warrior hits you with a +0 dire flail!
* * * LOW HITPOINT WARNING * * *
It was a potion of invisibility.
You fade into invisibility!
The orc warrior hits you with a +0 dire flail!!
Ouch! That really hurt!
You die...

#...<..# #....#..##..
#......# #o...#..Z'..
#......#####....#...#..
#.....##.#..#####...#..
#.....#.........#Z.##..
#.....#.........'.. #..
#.....#..##.....#.. ...
#.....#o.##.....#. ...
#.....@..##....##. ..
#.....#..##'####
#.....#......
#.....#.......
#..>..#.......
#.....#####... #.....#
... #.....# ..


You could see an orc warrior and an orc (wandering).

Vanquished Creatures
  An ogre (D:4)
  A phantom (D:3)
  Crazy Yiuf (D:2)
  2 centaur skeletons (D:4)
  2 orc wizards (D:4)
  Natasha (thrice) (D:2)
  Robin (D:1)
  A gnoll (D:1)
  A howler monkey skeleton (D:4)
  5 adders
  An adder skeleton (D:4)
  4 worms
  2 dart slugs
  5 orcs
  4 bats
  4 endoplasms
  3 giant cockroaches
  5 hobgoblins
  2 jackals (D:1)
  7 ball pythons
  3 frilled lizards
  16 goblins
  5 kobolds
  2 rats
81 creatures vanquished.

Vanquished Creatures (others)
  6 fungi
  A plant (D:1)
7 creatures vanquished.

Grand Total: 88 creatures vanquished

Notes
Turn   | Place    | Note
-------+----------+-------------------------------------------
     0 | D:1      | Destapler the Deep Elf Air Elementalist began the quest for
                  | the Orb.
     0 | D:1      | Reached XP level 1. HP: 10/10 MP: 6/6
   230 | D:1      | Reached XP level 2. HP: 5/15 MP: 6/8
   569 | D:1      | Found a faded altar of an unknown god.
   784 | D:1      | Reached XP level 3. HP: 20/20 MP: 9/9
  1132 | D:2      | Noticed Robin
  1185 | D:1      | Killed Robin
  1186 | D:1      | Reached skill level 1 in Short Blades
  1767 | D:2      | Reached XP level 4. HP: 24/24 MP: 8/11
  1797 | D:2      | Noticed Natasha
  1803 | D:2      | Killed Natasha
  1804 | D:2      | Reached skill level 1 in Fighting
  2012 | D:2      | Noticed Natasha
  2033 | D:1      | Reached skill level 4 in Spellcasting
  2159 | D:2      | Killed Natasha
  2160 | D:2      | Reached XP level 5. HP: 29/29 MP: 8/13
  2561 | D:2      | Learned a level 4 spell: Airstrike
  2646 | D:2      | Found a runed translucent door.
  2651 | D:2      | Learned a level 3 spell: Swiftness
  2651 | D:2      | Noticed Crazy Yiuf
  2718 | D:2      | Noticed Natasha
  2724 | D:2      | Killed Natasha
  2952 | D:2      | Killed Crazy Yiuf
  3103 | D:3      | Noticed a phantom
  3130 | D:3      | Killed a phantom
  3131 | D:3      | Reached skill level 5 in Spellcasting
  3131 | D:3      | Reached XP level 6. HP: 10/35 MP: 3/15
  3623 | D:3      | Found a stormy altar of Qazlal.
  3721 | D:3      | Found an ornate altar of the Wu Jian Council.
  3959 | D:4      | Noticed an orc warrior
  4335 | D:4      | Reached skill level 1 in Throwing
  4335 | D:4      | Reached skill level 1 in Evocations
  4430 | D:4      | Found a shadowy altar of Dithmenos.
  4514 | D:4      | Noticed an orc warrior
  4539 | D:4      | Reached XP level 7. HP: 40/40 MP: 9/16
  4628 | D:4      | Slain by an orc warrior

Illustrated notes

Levels and vault maps discovered:
D:1:      dpeg_arrival_arbitrary_c, layout_loops_ring,
          dreamdust_ecumenical_altar_grove, minmay_heptomino_h4
D:2:      layout_basic, kennysheep_small_spiral, uniq_natasha,
          uniq_crazy_yiuf_cottage, uniq_robin
D:3:      layout_rooms, lemuel_coloured_pillars_altar,
          nicolae_qazlal_general_emergency
D:4:      layout_gridville, nicolae_dithmenos_through_a_glass_darkly,
          kennysheep_another_room, minmay_misc_feat_alley,
          nicolae_alphabet_shops

Skill      XL: |  1  2  3  4  5  6  7 |
---------------+----------------------+-----
Stealth        | 3 |  3.0
Short Blades   | 1 2 3 |  3.0
Fighting       | 1 2 |  2.6
Dodging        | 3 |  3.0
Conjurations   | 2 |  2.0
Spellcasting   | 4 5 |  5.0
Air Magic      | 4 |  4.0
Throwing       | 1 |  1.7
Evocations     | 1 2 |  2.0

Action                   |  1- 3 |  4- 6 |  7- 9 || total
-------------------------+-------+-------+-------++-------
Melee: Dagger            |    17 |    16 |       ||    33
 Cast: Shock             |    58 |   110 |     5 ||   173
       Swiftness         |       |     4 |     1 ||     5
  Use: Potion            |       |     1 |     2 ||     3
 Stab: Sleeping          |     8 |     3 |       ||    11
Armor: Robe              |     8 |    16 |       ||    24
Dodge: Dodged            |    25 |    39 |     2 ||    66

Table legend: (Time is in decaauts)
 A = Elapsed time spent in this place.
 B = Non-inter-level travel time spent in this place.
 C = Inter-level travel time spent in this place.
 D = Time resting spent in this place.
 E = Time spent auto-exploring this place.
 F = Levels seen in this place.
 G = Mean time per level.
                   A        B        C        D        E       F      G
               +--------+--------+--------+--------+--------+-----+--------+
         Total |   4631 |   4457 |    174 |    935 |   2703 |   4 | 1157.8 |
       Dungeon |   4631 |   4457 |    174 |    935 |   2703 |   4 | 1157.8 |
               +--------+--------+--------+--------+--------+-----+--------+

Top non-repeatable levels by time:
     D:1: 1674 daAuts
     D:2: 1398 daAuts
     D:3: 919 daAuts
     D:4: 638 daAuts
